[Event "French Top 16-A 2024"]
[Site "Chartres"]
[Date "2024.06.04"]
[Round "6.2"]
[White "Santos Latasa, Jaime"]
[Black "Solakian-Van Eyll, Jerome"]
[Result "1-0"]
[ECO "A07"]
[WhiteElo "2626"]
[BlackElo "2247"]
[Annotator "TA"]
[PlyCount "59"]
[EventDate "2024.06.01"]
[EventType "team-tourn"]
[EventCountry "FRA"]
[SourceTitle "playchess.com"]
[Source "ChessBase"]
[SourceQuality "1"]
[TimeControl "40/5400+30:1800+30"]

1. Nf3 d5 2. g3 b6 3. Bg2 Bb7 4. c4 dxc4 5. Na3 e6 6. Nxc4 Nd7 7. O-O Be7 8. Qa4 {[%emt 1:17:39] Threatening Nce5.} Ngf6 9. Nce5 {[%emt 0:00:00][%cal Oe5f7] [#] aiming for Nxf7!} O-O 10. Nc6 Qe8 11. Nxe7+ (11. Nxa7 $2 {perishes.} Qb8 12. d3 Rxa7 $19 (12... Qxa7 $2 13. Qc2 $19)) 11... Qxe7 12. d3 c5 13. Qc2 Rac8 14. b3 Nb8 15. Bb2 Nc6 16. Qd2 Rfd8 17. Rac1 Rc7 18. Ne5 Nxe5 19. Bxe5 {[%emt 0:00:00] A strong pair of Bishops.} Rcd7 20. Bxb7 Rxb7 21. Bxf6 Qxf6 22. b4 cxb4 23. Qxb4 g6 24. Rc2 Qd4 25. Qd2 Kg7 26. Rfc1 b5 27. Rc5 Rd5 28. Rc6 h5 29. h4 Rd6 30. e3 {[%emt 0:00:00] Weighted Error Value: White=0.06 (flawless) /Black=0.06 (flawless) .  Inaccurate:     	White=1     	Black=2      OK:         	White=9     	Black=10     Best:        	---       	Black=2} 1-0

[Event "French Top 16-A 2024"]
[Site "Chartres"]
[Date "2024.06.04"]
[Round "6.3"]
[White "Ganguly, Surya Shekhar"]
[Black "Grigoryan, Karen H."]
[Result "1-0"]
[ECO "B90"]
[WhiteElo "2576"]
[BlackElo "2583"]
[Annotator "RC"]
[PlyCount "87"]
[EventDate "2024.06.01"]
[EventType "team-tourn"]
[EventCountry "FRA"]
[SourceTitle "playchess.com"]
[Source "ChessBase"]
[SourceQuality "1"]
[TimeControl "40/5400+30:1800+30"]

1. e4 c5 2. Nf3 d6 3. d4 cxd4 4. Nxd4 Nf6 5. Nc3 a6 6. h3 e5 7. Nb3 Be7 8. Be3 Be6 9. Qf3 Nbd7 10. g4 h6 11. O-O-O Rc8 12. Nd5 Bxd5 13. exd5 Qc7 14. Bd3 a5 15. Nd2 a4 16. h4 a3 17. g5 e4 18. Nxe4 Nxd5 19. Bd4 Ne5 20. Bxe5 dxe5 21. Bb5+ Kf8 22. Ba4 Nf4 23. Bb3 Qc6 24. Kb1 Rd8 25. Rxd8+ Bxd8 26. Rd1 Be7 27. g6 f5 28. h5 fxe4 29. Qg4 Bf6 30. Qd7 Qxd7 31. Rxd7 b5 32. Rb7 Nxh5 33. Rb8+ Ke7 34. Rxh8 Bh4 35. Rb8 Bxf2 36. Rb7+ Kd6 37. c4 bxc4 38. Bd1 Nf4 39. Rxg7 Bd4 40. Bg4 e3 41. Rd7+ Kc6 42. g7 e2 43. Bxe2 Nxe2 44. Rd8 1-0

[Event "French Top 16-A 2024"]
[Site "Chartres"]
[Date "2024.06.04"]
[Round "6.3"]
[White "Sohier, Julien"]
[Black "Sonis, Francesco"]
[Result "0-1"]
[ECO "B51"]
[WhiteElo "2214"]
[BlackElo "2579"]
[Annotator "TA"]
[PlyCount "66"]
[EventDate "2024.06.01"]
[EventType "team-tourn"]
[EventCountry "FRA"]
[SourceTitle "playchess.com"]
[Source "ChessBase"]
[SourceQuality "1"]
[TimeControl "40/5400+30:1800+30"]

1. e4 c5 2. Nf3 d6 3. Bb5+ Nc6 4. O-O Bd7 5. Re1 g6 6. c3 a6 7. Bf1 Bg7 8. h3 e5 9. Na3 Nge7 {[%emt 0:00:09] The position is equal.} 10. Nc4 Be6 11. a4 O-O 12. d3 h6 13. Rb1 (13. Be3 $11) 13... b5 $15 14. axb5 axb5 15. Na3 Qb6 16. d4 exd4 17. cxd4 Nxd4 18. Nxd4 cxd4 19. Bxb5 Rfc8 20. Bf4 (20. Bd3 $15 {might be stronger.}) 20... g5 $17 21. Bg3 Ng6 22. Qe2 Be5 23. Bd3 (23. Bxe5 $142 dxe5 24. g3) 23... Qb3 24. Nb5 Bxg3 25. fxg3 Ne5 26. Red1 {[%emt 0:04:16] [#]} Qb4 27. Na3 Bb3 {[%emt 0:05:51] Black has more active pieces.} 28. Rd2 Rc5 (28... g4 $17 {...gxh3 is the strong threat.} 29. h4 Qc5) 29. Kh2 Rac8 30. Rf1 $2 {[%emt 0:02:41] [#]} (30. Qf2 $11 {and White is okay.}) 30... Rc1 $1 $36 {[%emt 0:02:50][%mdl 2048] Black is in control.} 31. Nc2 $2 (31. Rxc1 Rxc1 32. Qf2) 31... R8xc2 $1 32. Bxc2 {[%emt 0:00:59] [#]} (32. Rxc2 $142 Bxc2 33. Bxc2 Rxf1 (33... Qxb2 $2 34. Rxc1 Qxc1 35. Qd1 $19) 34. Qxf1) 32... d3 $1 33. Rxd3 (33. Bxd3 Rxf1) 33... Rxc2 {[%emt 0:00:06] Weighted Error Value: White=0.73/Black=0.11 (very precise) .  Loses game:     	White=1     	---        Mistake:       	White=5     	Black=1      Inaccurate:     	White=2     	Black=1      OK:         	White=5     	Black=10     Best:        	White=1     	Black=1      Strong:       	---       	Black=1      Brilliant:      	---       	Black=1} 0-1

[Event "French Top 16-A 2024"]
[Site "Chartres"]
[Date "2024.06.04"]
[Round "6.4"]
[White "Laurent-Paoli, Pierre"]
[Black "Ramirez Garcia, Jorge Alberto"]
[Result "1-0"]
[ECO "D35"]
[WhiteElo "2576"]
[BlackElo "2266"]
[Annotator "TA"]
[PlyCount "81"]
[EventDate "2024.06.01"]
[EventType "team-tourn"]
[EventCountry "FRA"]
[SourceTitle "playchess.com"]
[Source "ChessBase"]
[SourceQuality "1"]
[TimeControl "40/5400+30:1800+30"]

1. d4 d5 2. c4 e6 3. Nf3 Nf6 4. Nc3 Nbd7 5. cxd5 exd5 6. Qc2 Be7 7. Bf4 c6 8. h3 O-O 9. e3 Re8 10. Bd3 Nf8 11. O-O Ne6 12. Bh2 g6 13. Rab1 a5 14. a3 {[%emt 0:00:43] White is slightly better.} Ng7 15. b4 Bf5 16. Ne5 axb4 17. axb4 Bd6 18. Bxf5 Nxf5 19. Na4 Nd7 20. Nc5 (20. Nxd7 {simplifies} Bxh2+ 21. Kxh2 Qxd7 22. Kg1) 20... Bxe5 21. dxe5 Nxe5 (21... Nxc5 $11 22. bxc5 Qe7) 22. Nxb7 $14 Qb6 23. Nc5 {[%emt 0:00:00] [#] aiming for Bxe5.} Nc4 24. e4 Na3 (24... Ng7 $11 {keeps the balance.}) 25. Qb2 $16 dxe4 {[%emt 0:00:13] [#]} (25... Nxb1 $2 26. exf5 Rad8 (26... Na3 $2 27. Nd7 $18) 27. Qxb1 $18 (27. Rxb1 d4 $18)) (25... Nc4 $16 26. Qf6 dxe4) 26. Nd7 (26. Ra1 $1 $18 ) 26... Qd4 27. Nf6+ (27. Qxd4 {simplifies} Nxd4 28. Nf6+ Kf8 29. Bd6+) 27... Kf8 28. Qxd4 (28. Nxh7+ $2 Kg7 29. Qxd4+ Nxd4 $19) 28... Nxd4 29. Bd6+ (29. Nxh7+ $2 Kg7 30. Rbd1 Ne2+ 31. Kh1 Kxh7 $19) 29... Kg7 30. Nxe8+ Rxe8 31. Rbd1 $36 {[%emt 0:00:00][%mdl 2048] White is in control.} Ndc2 {[%emt 0:15:00] Black cannot hold the game after this.} (31... Nab5 $16 {is a better defense.} 32. Rd2 (32. Bc5 Ne2+ 33. Kh2 Nf4 $16) 32... Nb3) 32. Bc5 $18 Rb8 33. Rd7 Nxb4 34. Ra1 Nac2 35. Raa7 Kf6 36. Rxf7+ Ke6 37. Rfe7+ ({Don't do} 37. Rxh7 Nd3 38. Be3 Nxe3) 37... Kd5 38. Bxb4 Rxb4 39. Rad7+ ({But not} 39. Rxh7 Nd4 40. Rhg7 Ne2+ 41. Kh2 Nf4) 39... Kc5 40. Re5+ Kb6 41. Rxh7 {[%emt 0:24:18] Weighted Error Value: White=0.07 (flawless) /Black=0.29 (precise) .  Loses game:     	---       	Black=1      Mistake:       	White=1     	Black=3      Inaccurate:     	White=2     	Black=2      OK:         	White=23    	Black=8      Best:        	White=1     	Black=5} 1-0

[Event "French Top 16-A 2024"]
[Site "Chartres"]
[Date "2024.06.04"]
[Round "6.4"]
[White "Libiszewski, Fabien"]
[Black "Barseghyan, Harutyun"]
[Result "1/2-1/2"]
[ECO "D02"]
[WhiteElo "2498"]
[BlackElo "2431"]
[Annotator "TA"]
[PlyCount "42"]
[EventDate "2024.06.01"]
[EventType "team-tourn"]
[EventCountry "FRA"]
[SourceTitle "playchess.com"]
[Source "ChessBase"]
[SourceQuality "1"]
[TimeControl "40/5400+30:1800+30"]

1. Nf3 Nf6 2. d4 d5 3. Bf4 c5 4. e3 Nc6 5. Nbd2 Bf5 6. dxc5 Nd7 7. Nd4 Bg6 (7... g6 $14 {feels stronger.}) 8. Nxc6 $16 {[%emt 0:02:23] White is better.} bxc6 9. b4 e5 10. Bg3 a5 11. a3 Be7 12. c4 d4 13. exd4 {[%emt 0:20:09] d5 is the strong threat.} exd4 {[%emt 0:02:22] [#]} ({Better is} 13... O-O $1 $14) 14. Nb3 $2 (14. Be2 $1 $16) 14... axb4 15. axb4 (15. Nxd4 $2 {is the wrong capture.} Bxc5 16. Be2 (16. Nxc6 $2 {too greedy.} Qf6 $19) 16... Qf6 (16... Rxa3 $2 17. O-O $19) 17. axb4 Rxa1 (17... Bxd4 $2 18. Rxa8+ Ke7 19. Rxh8 $18) (17... Bxb4+ $2 18. Kf1 $19) 18. Qxa1 Bxb4+ (18... Qxd4 19. O-O $15) (18... Bxd4 $2 19. Qa8+ Qd8 20. Qa3 $19) 19. Kf1 O-O $19) 15... Rxa1 16. Qxa1 O-O 17. Qxd4 ({Reject} 17. Nxd4 Bf6 18. Bd6 Re8+ 19. Be2 h5 $17) 17... Bf6 18. Qd2 {[%emt 0:00:20] Threatens to win with Be2.} Ne5 19. Be2 {[%emt 0:04:46] [#] And now Qxd8 would win.} Nd3+ {[%emt 0:01:29] The position is equal.} 20. Kf1 $1 Bg5 21. Qc3 {[%emt 0:04:43] Hoping for h4.} Bf6 {[%emt 0:24:53] Weighted Error Value: White=0.24 (precise) /Black=0.16 (very precise) .  Mistake:       	White=1     	Black=2      Inaccurate:     	White=2     	Black=2      OK:         	White=7     	Black=7      Best:        	White=1     	Black=2      Strong:       	White=1     	---} 1/2-1/2

[Event "French Top 16-A 2024"]
[Site "Chartres"]
[Date "2024.06.04"]
[Round "6.5"]
[White "Bailet, Pierre"]
[Black "Fedorchuk, Sergey A."]
[Result "1/2-1/2"]
[ECO "E11"]
[WhiteElo "2492"]
[BlackElo "2546"]
[Annotator "TA"]
[PlyCount "38"]
[EventDate "2024.06.01"]
[EventType "team-tourn"]
[EventCountry "FRA"]
[SourceTitle "playchess.com"]
[Source "ChessBase"]
[SourceQuality "1"]
[TimeControl "40/5400+30:1800+30"]

1. d4 Nf6 2. Nf3 e6 3. c4 Bb4+ 4. Bd2 Bxd2+ 5. Qxd2 d5 6. Nc3 O-O 7. e3 Qe7 8. Rc1 Rd8 9. Qc2 dxc4 10. Bxc4 c5 11. O-O Nc6 12. dxc5 Qxc5 13. Ne4 Qe7 14. Nxf6+ Qxf6 15. Bd3 h6 16. Be4 Bd7 17. Rfd1 Be8 {[%emt 0:02:16] The position is equal.} 18. Qb3 Rxd1+ 19. Rxd1 Rd8 {[%emt 0:00:41] Weighted Error Value: White=0.08 (flawless) /Black=0.09 (flawless) .  Inaccurate:     	---       	Black=1      OK:         	White=3     	Black=2} 1/2-1/2

[Event "French Top 16-A 2024"]
[Site "Chartres"]
[Date "2024.06.04"]
[Round "6.5"]
[White "De Balmann, Marc"]
[Black "Degraeve, Remy"]
[Result "0-1"]
[ECO "A07"]
[WhiteElo "2151"]
[BlackElo "2433"]
[Annotator "TA"]
[PlyCount "124"]
[EventDate "2024.06.01"]
[EventType "team-tourn"]
[EventCountry "FRA"]
[SourceTitle "playchess.com"]
[Source "ChessBase"]
[SourceQuality "1"]
[TimeControl "40/5400+30:1800+30"]

1. Nf3 d5 2. g3 Nf6 3. Bg2 e6 4. O-O Be7 5. d3 a5 6. Nbd2 a4 7. a3 c5 8. e4 Nc6 9. Re1 h6 10. e5 Nd7 11. Nf1 g5 12. h3 Qc7 13. Qe2 b6 14. c4 (14. Bd2 $11) 14... d4 $15 15. g4 Bb7 16. Bd2 Nf8 17. Ng3 Ng6 18. Nh5 Na5 19. Bxa5 Rxa5 20. Rab1 Bc6 21. Nd2 Bxg2 22. Kxg2 Kd7 23. Kg1 Raa8 (23... Rf8 $15) 24. Nf3 Qc6 25. Kh2 Rab8 26. Kg3 ({White should play} 26. Kg1 $15) 26... f5 $1 $19 27. Nf6+ Bxf6 $1 28. exf6 Qd6+ 29. Ne5+ Nxe5 (29... Kc7 $142 $1 {[%cal Oh6h5] Strongly threatening ...h5!} 30. Kh2 fxg4 31. hxg4 Nxe5 32. Qxe5 Rhf8) 30. Qxe5 $17 {[%emt 0:00:00] [#]} f4+ {[%emt 0:00:08] Really sharp!} (30... fxg4 $1 $17 31. hxg4 (31. Kxg4 Qxe5 32. Rxe5 Rhf8 $17) 31... Qxe5+ 32. Rxe5 Rhf8) 31. Kf3 $11 Qxe5 32. Rxe5 {[%emt 0:00:00][%mdl 4096] Endgame. KRR-KRR} Rhf8 {[%emt 0:00:08] [#]} 33. h4 $1 gxh4 34. Rh1 (34. b4 {seems wilder.} axb3 35. Rxb3 Kd6 36. Rh5) 34... Rxf6 {[%emt 0:00:05] ...Kd6 is the strong threat.} 35. Rxh4 Kd6 36. Reh5 (36. Rhh5 $11) 36... b5 $17 37. cxb5 Rxb5 38. Rxh6 Rxh6 39. Rxh6 Rxb2 {[%emt 0:02:28] aiming for ...Rd2. KR-KR} 40. g5 Rd2 {[%emt 0:03:14] Threatens to win with ...Ke5.} 41. g6 {[%emt 0:32:10] [#] Threatening mate with g7.} Ke7 $1 {[%emt 0:30:05] Black is more active.} (41... Rxd3+ $2 42. Ke2 $18) 42. Rh7+ $2 (42. Rh5 $17) 42... Kf6 $19 43. g7 Kf7 (43... Rxd3+ $2 {too greedy.} 44. Ke4 (44. Kxf4 $2 {is the wrong capture.} Kf7 $19) 44... Kf7 45. Kxd3 $18) 44. Ke4 Rxf2 45. Rh5 Re2+ 46. Kxf4 (46. Kf3 $142 Re3+ 47. Kxf4) 46... Kxg7 $2 (46... c4 $1 $19 47. dxc4 Kxg7) 47. Rxc5 $11 Kf6 48. Ra5 Re3 49. Rxa4 $2 (49. Rf5+ $11 Ke7 50. Ra5) 49... e5+ $19 ({Worse is} 49... Rxd3 50. Ke4 Re3+ 51. Kxd4 $11) 50. Kg4 Rxd3 51. Ra6+ Ke7 {[%emt 0:00:05] Hoping for ...Re3.} 52. Kf5 Re3 {[%emt 0:00:08] White must now prevent ...d3.} 53. Ra7+ Kd6 54. Ra8 Kc7 55. Ra7+ Kc6 {[%emt 0:00:23] ( -> ...d3)} 56. Ra8 d3 57. Rd8 e4 58. Ke5 Re2 59. Kd4 d2 60. Kc3 e3 61. Kc2 Re1 62. a4 Rc1+ 0-1

[Event "French Top 16-A 2024"]
[Site "Chartres"]
[Date "2024.06.04"]
[Round "6.6"]
[White "Flom, Gabriel"]
[Black "Bosc, Seraphina"]
[Result "1/2-1/2"]
[ECO "C11"]
[WhiteElo "2431"]
[BlackElo "2215"]
[Annotator "RC"]
[PlyCount "89"]
[EventDate "2024.06.01"]
[EventType "team-tourn"]
[EventCountry "FRA"]
[SourceTitle "playchess.com"]
[Source "ChessBase"]
[SourceQuality "1"]
[TimeControl "40/5400+30:1800+30"]

1. e4 e6 2. d4 d5 3. Nc3 Nf6 4. e5 Nfd7 5. f4 c5 6. Nf3 Nc6 7. Be3 cxd4 8. Nxd4 Qb6 9. Qd2 Qxb2 10. Rb1 Qa3 11. Bb5 Nxd4 12. Bxd4 a6 13. Rb3 Qe7 14. Ba4 Qh4+ 15. Bf2 Qd8 16. Bb6 Qh4+ 17. g3 Qg4 18. Ne4 Be7 19. Nc5 Bxc5 20. Bxc5 b5 21. Ba3 Nxe5 22. Qb4 Ng6 23. Rc3 Bd7 24. Rc7 Rd8 25. Bb3 Qf3 26. Rf1 Qe4+ 27. Qxe4 dxe4 28. Ra7 f5 29. Kf2 Bc8 30. Rc7 a5 31. c3 a4 32. Bd1 Bd7 33. Be2 Rc8 34. Rxc8+ Bxc8 35. Bxb5+ Bd7 36. Rb1 Bxb5 37. Rxb5 Kd7 38. h4 Rc8 39. Bb4 Rc7 40. Rb6 Rc6 41. Rb8 Rc8 42. Rb5 Rc7 43. Rb8 Rc8 44. Rb7+ Rc7 45. Rb8 1/2-1/2

[Event "French Top 16-A 2024"]
[Site "Chartres"]
[Date "2024.06.04"]
[Round "6.6"]
[White "Mathieu, Phileas"]
[Black "Migot, Tangi"]
[Result "1/2-1/2"]
[ECO "B30"]
[WhiteElo "2302"]
[BlackElo "2326"]
[Annotator "RC"]
[PlyCount "134"]
[EventDate "2024.06.01"]
[EventType "team-tourn"]
[EventCountry "FRA"]
[SourceTitle "playchess.com"]
[Source "ChessBase"]
[SourceQuality "1"]
[TimeControl "40/5400+30:1800+30"]

1. e4 c5 2. Nf3 e6 3. d3 Nc6 4. g3 d6 5. Bg2 Nf6 6. O-O Be7 7. c3 O-O 8. Re1 Bd7 9. a3 Rc8 10. b4 cxb4 11. axb4 a6 12. Na3 Ne5 13. Bb2 Nxf3+ 14. Qxf3 d5 15. Nc2 dxe4 16. dxe4 e5 17. Ne3 g6 18. Rad1 Qc7 19. c4 Ba4 20. Rd5 Nxd5 21. Nxd5 Qd8 22. c5 f6 23. Ra1 Bd7 24. Qb3 Be6 25. f4 exf4 26. Rd1 Qe8 27. Bh3 Rf7 28. Nxf6+ Bxf6 29. Bxe6 Bxb2 30. Rd7 Bd4+ 31. Rxd4 Rcc7 32. gxf4 Kg7 33. Bxf7 Qxf7 34. Qxf7+ Kxf7 35. Rd5 Ke6 36. Kf2 Rc6 37. Kf3 b6 38. cxb6 Rxb6 39. Rd4 Rb5 40. Kg4 a5 41. bxa5 Rxa5 42. Rb4 h5+ 43. Kh4 Ra2 44. h3 Rg2 45. Rb6+ Kf7 46. Rb7+ Ke6 47. Rb5 Re2 48. Rb6+ Kf7 49. e5 Rg2 50. Rb3 Rg1 51. Re3 Rg2 52. Re1 Ke6 53. Re3 Kf7 54. e6+ Ke7 55. Re1 Rf2 56. Kg5 Rg2+ 57. Kh6 h4 58. Re5 Rg3 59. Rg5 Rxh3 60. Rxg6 Rg3 61. f5 Rxg6+ 62. Kxg6 h3 63. f6+ Kxe6 64. f7 h2 65. f8=Q h1=Q 66. Qe8+ Kd6 67. Qd8+ Ke6 1/2-1/2

[Event "French Top 16-A 2024"]
[Site "Chartres"]
[Date "2024.06.04"]
[Round "6.7"]
[White "Vitoux, Colomban"]
[Black "Tahay, Alexis"]
[Result "0-1"]
[ECO "B55"]
[WhiteElo "2374"]
[BlackElo "2376"]
[Annotator "RC"]
[PlyCount "64"]
[EventDate "2024.06.01"]
[EventType "team-tourn"]
[EventCountry "FRA"]
[SourceTitle "playchess.com"]
[Source "ChessBase"]
[SourceQuality "1"]
[TimeControl "40/5400+30:1800+30"]

1. e4 c5 2. Nf3 d6 3. d4 cxd4 4. Nxd4 Nf6 5. f3 e5 6. Nb3 a5 7. c4 Nxe4 8. fxe4 Qh4+ 9. Kd2 a4 10. Nc3 axb3 11. g3 Qd8 12. Qxb3 Nc6 13. Nd5 Be7 14. Qb6 O-O 15. Qxd8 Bxd8 16. Bd3 b5 17. cxb5 Nd4 18. Bc4 Kh8 19. b3 f5 20. Rf1 Bd7 21. a4 Nxb5 22. Bb2 Nd4 23. h4 g5 24. Bxd4 exd4 25. hxg5 Bxg5+ 26. Kd3 Rae8 27. exf5 Bxf5+ 28. Kxd4 Bh6 29. Nc7 Bg7+ 30. Kd5 Re5+ 31. Kc6 Rc8 32. Kb7 Re7 0-1

[Event "French Top 16-A 2024"]
[Site "Chartres"]
[Date "2024.06.04"]
[Round "6.7"]
[White "Hirth, Julien"]
[Black "Girel, Joseph"]
[Result "0-1"]
[ECO "B06"]
[WhiteElo "2063"]
[BlackElo "2477"]
[Annotator "TA"]
[PlyCount "168"]
[EventDate "2024.06.01"]
[EventType "team-tourn"]
[EventCountry "FRA"]
[SourceTitle "playchess.com"]
[Source "ChessBase"]
[SourceQuality "1"]
[TimeControl "40/5400+30:1800+30"]

1. e4 c5 2. c3 d5 3. exd5 Qxd5 4. d4 g6 5. Nf3 Bg7 6. Nbd2 {[%emt 0:01:26] Bc4 is the strong threat.} cxd4 7. Bc4 Qd8 8. Nxd4 {[%emt 0:02:33] The position is equal.} Nf6 9. N2f3 O-O 10. O-O a6 11. Bb3 Nbd7 $1 12. Qe2 Nc5 13. Bc2 Qc7 14. Re1 e6 15. Bg5 b6 16. Rad1 Bb7 17. h4 Rfe8 18. Qe5 Qxe5 19. Nxe5 Nfe4 20. Nc4 Nxg5 21. hxg5 {[%emt 0:01:21] Hoping for b4.} b5 22. Nd6 Red8 {[%emt 0:01:02] [#]} (22... Re7 $1 $11) 23. Nxb7 (23. b4 $1 $16 Rxd6 24. bxc5) 23... Nxb7 $11 24. Nc6 Rd6 25. Be4 Re8 {[%emt 0:00:10] Wards off Ne7+} 26. Nb4 Rxd1 27. Rxd1 Nc5 28. Bc2 Bf8 29. Nd3 Ne4 30. Ne5 Nd6 (30... Nxg5 $2 {perishes.} 31. f4 $18) 31. Nd7 {[%emt 0:02:02] Threatens to win with Nf6+.} Rd8 32. Nxf8 Kxf8 {[%emt 0:00:02][%mdl 4096] Endgame. KRB-KRN} 33. a4 Ke8 34. axb5 axb5 35. Kf1 Ke7 36. Ke2 Ra8 37. Bb3 Ne4 38. Rd4 Nc5 (38... Nxg5 39. f4 e5 40. Rd5 $18) 39. Rb4 Ra5 40. c4 Nxb3 41. Rxb3 bxc4 $15 {[%emt 0:30:05] KR-KR} 42. Rb7+ Kf8 43. f4 Rd5 44. Ke3 Rd3+ 45. Ke4 Rg3 46. Ke5 $2 {[%emt 0:00:00] [#] Now White is beyond hope.} (46. Kd4 $17) 46... Kg7 $1 $19 ({Worse is} 46... Rxg2 47. Kf6 Ke8 48. Rxf7 $11) 47. Rc7 Rxg2 48. Rb7 Rd2 49. Rb8 $2 (49. Ke4) 49... Rd5+ 50. Ke4 h6 51. gxh6+ Kxh6 52. Rc8 Rb5 53. Rxc4 (53. Rh8+ $142 Kg7 54. Rh2) 53... Rxb2 54. Rc5 Kg7 55. Ra5 Kf6 56. Ra7 Rb5 (56... Rb4+ $142 57. Kf3 Rb5) 57. Rc7 g5 58. fxg5+ Rxg5 {[%emt 0:00:00] Black mates.} 59. Ra7 Rg4+ 60. Kf3 Rb4 61. Rc7 e5 62. Rc6+ Kg5 63. Rc5 f6 64. Ra5 Rb3+ 65. Ke4 Kg4 66. Ra8 Rb4+ 67. Ke3 Kf5 68. Ra3 Rh4 69. Ra6 Rh3+ 70. Kf2 e4 71. Rb6 Ke5 72. Rb5+ Kf4 73. Rb4 Rh2+ 74. Kg1 Ra2 75. Rb3 f5 76. Rb4 Kf3 77. Rb1 e3 78. Rf1+ Ke4 79. Rd1 f4 80. Rb1 f3 81. Rb4+ Kf5 82. Rb3 Kf4 83. Rb8 Ra1+ 84. Kh2 e2 {[%emt 0:00:20] Weighted Error Value: White=0.61/Black=0.20 (precise) .  Loses game:     	White=1     	---        Mistake:       	White=3     	Black=1      Inaccurate:     	White=4     	Black=2      OK:         	White=17    	Black=20     Best:        	White=1     	Black=4      Strong:       	---       	Black=2} 0-1

[Event "French Top 16-A 2024"]
[Site "Chartres"]
[Date "2024.06.04"]
[Round "6.8"]
[White "Hejazipour, Mitra"]
[Black "Fischer, Julie"]
[Result "1-0"]
[ECO "B07"]
[WhiteElo "2376"]
[BlackElo "2092"]
[Annotator "RC"]
[PlyCount "103"]
[EventDate "2024.06.01"]
[EventType "team-tourn"]
[EventCountry "FRA"]
[SourceTitle "playchess.com"]
[Source "ChessBase"]
[SourceQuality "1"]
[TimeControl "40/5400+30:1800+30"]

1. d4 Nf6 2. Nf3 g6 3. Nbd2 Bg7 4. e4 d6 5. Bd3 O-O 6. O-O c5 7. c3 cxd4 8. cxd4 Nc6 9. Re1 Nd7 10. Nb3 a5 11. Be3 a4 12. Nbd2 a3 13. bxa3 Rxa3 14. Nc4 Ra8 15. a4 Nb4 16. Be2 Nc6 17. Rb1 Na5 18. Nfd2 Nxc4 19. Nxc4 b6 20. d5 Ra6 21. Bg4 f5 22. exf5 gxf5 23. Be2 f4 24. Bd4 Bxd4 25. Qxd4 Rxa4 26. Bd1 Rxc4 27. Qxc4 Ne5 28. Qb3 Bf5 29. Bc2 f3 30. Bxf5 Rxf5 31. g3 Qe8 32. Qxb6 Rf8 33. Qc7 Qf7 34. Rb7 Ng6 35. Qc4 Qf5 36. Qe4 Qxe4 37. Rxe4 Ra8 38. Re1 Ra5 39. Rd1 Kf7 40. Rb4 Kf6 41. Re4 Kf5 42. Red4 h5 43. h3 Ne5 44. Rf4+ Kg5 45. Rf8 Ra4 46. Rd2 Ra1+ 47. Kh2 Re1 48. Rg8+ Kf5 49. Rd4 Ng6 50. g4+ hxg4 51. Rxg4 Rf1 52. R8xg6 1-0

[Event "French Top 16-A 2024"]
[Site "Chartres"]
[Date "2024.06.04"]
[Round "6.8"]
[White "Delorme, Laurie"]
[Black "Auvray, Juliette"]
[Result "1-0"]
[ECO "D11"]
[WhiteElo "2075"]
[BlackElo "1969"]
[Annotator "RC"]
[PlyCount "131"]
[EventDate "2024.06.01"]
[EventType "team-tourn"]
[EventCountry "FRA"]
[SourceTitle "playchess.com"]
[Source "ChessBase"]
[SourceQuality "1"]
[TimeControl "40/5400+30:1800+30"]

1. d4 d5 2. c4 dxc4 3. Nf3 b5 4. e3 e6 5. a4 c6 6. axb5 cxb5 7. b3 Nf6 8. bxc4 bxc4 9. Bxc4 Bd6 10. O-O O-O 11. Ba3 a5 12. Nbd2 Nc6 13. Bxd6 Qxd6 14. Bb5 Nb4 15. Qe2 Qb6 16. Rfc1 Bb7 17. Nb3 Bd5 18. Nc5 Rfc8 19. Ne5 Ne4 20. Nxe4 Bxe4 21. Nd7 Qa7 22. f3 Bg6 23. Nc5 Qb6 24. Ba4 Rd8 25. Ra3 Ra7 26. Rac3 Nd5 27. Rc4 h6 28. Nb3 Nb4 29. Nc5 Nd5 30. g3 Nb4 31. Kg2 Kh7 32. e4 Rd6 33. Nb3 Ra8 34. Rc5 Rad8 35. Qc4 Ra8 36. Rb5 Qd8 37. Rb7 Na2 38. Rc2 Nb4 39. Rc1 Na2 40. Rc2 Nb4 41. Rd2 Rc8 42. Qb5 Nc6 43. Rb6 Rb8 44. Rxb8 Qxb8 45. Qxb8 Nxb8 46. Rc2 Nd7 47. Rc6 Rxc6 48. Bxc6 Nb6 49. Nxa5 Kg8 50. Kf2 Kf8 51. Ke3 Ke7 52. Nb7 Bh5 53. g4 Bg6 54. Kd3 f6 55. Kc3 Nc8 56. Kb4 Nd6 57. Kc5 Nxb7+ 58. Bxb7 h5 59. h3 h4 60. Kc6 f5 61. Kc7 fxg4 62. fxg4 Be8 63. d5 exd5 64. exd5 Kf6 65. d6 Kg5 66. Bc6 1-0